[ AOE2 MATCH · #484976522 ]
UnrankedChinese vs Jurchens
[ REPLAY ANALYSIS · EXTRACTED FROM THE RECORDED GAME ]
Feudal
15:48
Castle
23:53
Imperial
56:01
| APM avg | 23.5 |
| APM peak | 51 |
| eAPM avg | 11.1 |
| Villagers / military | 96 / 140 |
Focus
⚔️ 36.7% · 🌾 63.3%
Chu Ko Nu ×79 · Scout Cavalry ×61
Feudal
14:45
Castle
18:22
Imperial
40:13
| APM avg | 25.1 |
| APM peak | 58 |
| eAPM avg | 16.1 |
| Villagers / military | 157 / 194 |
Focus
⚔️ 33.6% · 🌾 66.4%
Spearman ×139 · Unknown (1944) ×104 · Unknown (1952) ×66 · Scout Cavalry ×55 · Unknown (1942) ×14
Feudal
12:59
Castle
22:41
Imperial
39:12
| APM avg | 36.4 |
| APM peak | 64 |
| eAPM avg | 20.9 |
| Villagers / military | 174 / 314 |
Focus
⚔️ 42.8% · 🌾 57.2%
Scout Cavalry ×151 · Janissary ×133 · Trebuchet (Packed) ×17 · Monk ×12 · Bombard Cannon ×1
Feudal
14:34
Castle
19:19
Imperial
36:00
| APM avg | 41.2 |
| APM peak | 84 |
| eAPM avg | 28.8 |
| Villagers / military | 174 / 298 |
Focus
⚔️ 18.7% · 🌾 81.3%
Militia ×265 · Battering Ram ×30 · Samurai ×2 · Mangonel ×1
Feudal
—
Castle
—
Imperial
—
| APM avg | 1452.1 |
| APM peak | 13334 |
| eAPM avg | 1450.2 |
| Villagers / military | 0 / 505 |
Focus
⚔️ 52.3% · 🌾 47.7%
Scout Cavalry ×153 · Spearman ×126 · Genoese Crossbowman ×119 · Skirmisher ×44 · Monk ×23 · Hand Cannoneer ×18
Feudal
—
Castle
—
Imperial
—
| APM avg | 1192.7 |
| APM peak | 7267 |
| eAPM avg | 1191.6 |
| Villagers / military | 0 / 190 |
Focus
⚔️ 70.2% · 🌾 29.8%
Scorpion ×81 · Skirmisher ×39 · Woad Raider ×23 · Knight ×16 · Spearman ×13 · Battering Ram ×9
Feudal
—
Castle
—
Imperial
—
| APM avg | 853.1 |
| APM peak | 4597 |
| eAPM avg | 852.5 |
| Villagers / military | 0 / 530 |
Focus
⚔️ 71.2% · 🌾 28.8%
Karambit Warrior ×189 · Spearman ×151 · Battle Elephant ×55 · Elite Battle Elephant ×38 · Scout Cavalry ×35 · Archer ×29
Feudal
—
Castle
—
Imperial
—
| APM avg | 929.5 |
| APM peak | 9999 |
| eAPM avg | 929.2 |
| Villagers / military | 0 / 15 |
Focus
⚔️ 79.5% · 🌾 20.5%
Skirmisher ×8 · Archer ×4 · Spearman ×3
Match map
Initial resources + every placement click. Lines = walls · curves = elevation contours. ◆ gold · ⬟ stone · ● berries · ✦ relic · ◌ wall gap
Your base· Open — unwalled flank
diego_402's base· Open — unwalled flank
CuAge's base· Open — 14t gap
Emusan's base· Open — unwalled flank
's base· Open — unwalled flank
's base· Open — unwalled flank
's base· Open — 6t gap
's base· Open — unwalled flank
Smoothed initial terrain · ◌ = detected wall gap · hover for details
Inputs per minute
— Tayta Inti - - diego_402
Build order — Tayta Inti
First 150 of 308 actions detected
| 1:35 | Build | Town Center |
| 4:02 | Research | Loom |
| 4:45 | Create | Villager (Male) |
| 5:12 | Create | Villager (Male) |
| 5:12 | Create | Villager (Male) |
| 6:28 | Create | Villager (Male) |
| 6:37 | Create | Villager (Male) |
| 6:47 | Build | House |
| 6:55 | Build | House |
| 7:09 | Create | Villager (Male) |
| 7:10 | Create | Villager (Male) |
| 7:48 | Build | Lumber Camp |
| 8:09 | Create | Villager (Male) |
| 8:09 | Create | Villager (Male) |
| 8:24 | Create | Villager (Male) |
| 8:36 | Create | Villager (Male) |
| 9:40 | Create | Villager (Male) |
| 10:08 | Build | Mill |
| 10:25 | Create | Villager (Male) |
| 10:49 | Create | Villager (Male) |
| 11:37 | Create | Villager (Male) |
| 11:44 | Build | Barracks |
| 11:53 | Build | Palisade Wall |
| 11:54 | Build | Palisade Wall |
| 11:57 | Build | Palisade Wall |
| 12:10 | Create | Villager (Male) |
| 12:17 | Build | Farm |
| 12:19 | Build | Farm |
| 12:49 | Build | House |
| 13:13 | Build | Farm |
| 13:13 | Create | Villager (Male) |
| 13:36 | Research | Feudal Age |
| 13:43 | Build | House |
| 15:42 | Create | Villager (Male) |
| 15:43 | Create | Villager (Male) |
| 15:48 | Age | Feudal Age |
| 15:49 | Build | Farm |
| 15:51 | Build | Farm |
| 15:53 | Build | Farm |
| 15:59 | Build | Mining Camp |
| 16:32 | Build | Palisade Gate |
| 16:34 | Build | Palisade Gate |
| 16:38 | Build | Palisade Gate |
| 16:43 | Build | Palisade Gate |
| 16:48 | Build | Watch Tower |
| 16:55 | Create | Villager (Male) |
| 16:55 | Create | Villager (Male) |
| 17:00 | Build | Farm |
| 17:02 | Build | Farm |
| 17:03 | Build | Farm |
| 17:17 | Build | Blacksmith |
| 17:27 | Build | Market |
| 17:37 | Create | Villager (Male) |
| 17:38 | Create | Villager (Male) |
| 18:15 | Create | Villager (Male) |
| 18:30 | Build | House |
| 18:32 | Build | House |
| 19:04 | Build | Farm |
| 19:07 | Build | Farm |
| 19:32 | Research | Fletching |
| 20:22 | Create | Villager (Male) |
| 20:23 | Create | Villager (Male) |
| 21:11 | Build | Mining Camp |
| 21:14 | Research | Castle Age |
| 21:47 | Build | Palisade Gate |
| 21:57 | Build | Palisade Wall |
| 22:06 | Research | Stone Mining |
| 22:40 | Build | House |
| 22:41 | Build | House |
| 22:50 | Research | Double-Bit Axe |
| 23:09 | Build | Stable |
| 23:53 | Age | Castle Age |
| 23:56 | Create | Villager (Male) |
| 23:56 | Create | Villager (Male) |
| 23:57 | Create | Villager (Male) |
| 24:00 | Research | Bow Saw |
| 24:23 | Create | Scout Cavalry |
| 24:39 | Research | Bodkin Arrow |
| 25:41 | Build | Castle |
| 25:46 | Research | Padded Archer Armor |
| 26:02 | Build | University |
| 26:24 | Research | Padded Archer Armor |
| 26:59 | Create | Chu Ko Nu |
| 27:34 | Build | University |
| 27:47 | Create | Villager (Male) |
| 27:48 | Create | Villager (Male) |
| 27:48 | Create | Villager (Male) |
| 28:19 | Create | Chu Ko Nu |
| 28:19 | Create | Chu Ko Nu |
| 28:45 | Create | Villager (Male) |
| 28:45 | Create | Villager (Male) |
| 29:22 | Create | Chu Ko Nu |
| 29:23 | Create | Chu Ko Nu |
| 29:25 | Research | Murder Holes |
| 29:52 | Create | Villager (Male) |
| 29:53 | Create | Villager (Male) |
| 29:57 | Create | Villager (Male) |
| 29:57 | Create | Villager (Male) |
| 29:58 | Create | Villager (Male) |
| 30:17 | Create | Chu Ko Nu |
| 30:17 | Create | Chu Ko Nu |
| 30:32 | Build | Town Center |
| 31:59 | Create | Chu Ko Nu |
| 32:07 | Research | Ballistics |
| 32:10 | Research | Masonry |
| 32:15 | Create | Villager (Male) |
| 32:15 | Create | Villager (Male) |
| 32:16 | Create | Villager (Male) |
| 32:20 | Create | Villager (Male) |
| 32:20 | Create | Villager (Male) |
| 32:20 | Create | Villager (Male) |
| 32:21 | Create | Villager (Male) |
| 32:22 | Create | Villager (Male) |
| 32:38 | Create | Chu Ko Nu |
| 32:38 | Create | Chu Ko Nu |
| 32:52 | Create | Villager (Male) |
| 32:53 | Create | Villager (Male) |
| 33:10 | Create | Chu Ko Nu |
| 33:10 | Create | Chu Ko Nu |
| 33:42 | Create | Chu Ko Nu |
| 33:42 | Create | Chu Ko Nu |
| 33:56 | Create | Villager (Male) |
| 33:57 | Create | Villager (Male) |
| 33:57 | Create | Villager (Male) |
| 33:57 | Create | Villager (Male) |
| 34:02 | Create | Chu Ko Nu |
| 34:03 | Create | Chu Ko Nu |
| 34:43 | Build | Town Center |
| 34:52 | Create | Chu Ko Nu |
| 34:53 | Create | Chu Ko Nu |
| 34:53 | Create | Chu Ko Nu |
| 34:53 | Create | Chu Ko Nu |
| 35:05 | Build | Farm |
| 35:06 | Build | Farm |
| 35:07 | Build | Farm |
| 35:09 | Create | Villager (Male) |
| 35:09 | Create | Villager (Male) |
| 35:09 | Create | Villager (Male) |
| 35:17 | Build | Town Center |
| 35:58 | Create | Chu Ko Nu |
| 35:58 | Create | Chu Ko Nu |
| 35:58 | Create | Chu Ko Nu |
| 36:47 | Create | Chu Ko Nu |
| 36:47 | Create | Chu Ko Nu |
| 38:20 | Create | Villager (Male) |
| 38:21 | Create | Villager (Male) |
| 38:54 | Build | Castle |
| 39:00 | Create | Chu Ko Nu |
| 39:00 | Create | Chu Ko Nu |
| 39:14 | Build | Lumber Camp |
Build order — diego_402
First 150 of 459 actions detected
| 0:37 | Build | Town Center |
| 2:23 | Create | Villager (Male) |
| 2:23 | Create | Villager (Male) |
| 2:23 | Create | Villager (Male) |
| 2:24 | Create | Villager (Male) |
| 2:24 | Create | Villager (Male) |
| 2:32 | Build | House |
| 3:33 | Research | Loom |
| 3:55 | Create | Villager (Male) |
| 3:55 | Create | Villager (Male) |
| 4:15 | Create | Villager (Male) |
| 4:15 | Create | Villager (Male) |
| 4:21 | Create | Villager (Male) |
| 5:24 | Create | Villager (Male) |
| 5:25 | Create | Villager (Male) |
| 5:32 | Build | House |
| 6:06 | Create | Villager (Male) |
| 6:06 | Create | Villager (Male) |
| 6:44 | Create | Villager (Male) |
| 6:45 | Create | Villager (Male) |
| 6:45 | Create | Villager (Male) |
| 6:51 | Build | House |
| 7:35 | Create | Villager (Male) |
| 7:35 | Create | Villager (Male) |
| 8:18 | Build | House |
| 8:49 | Create | Villager (Male) |
| 8:53 | Create | Villager (Male) |
| 8:53 | Create | Villager (Male) |
| 9:02 | Build | Mill |
| 9:24 | Build | House |
| 9:32 | Create | Villager (Male) |
| 9:32 | Create | Villager (Male) |
| 9:59 | Create | Villager (Male) |
| 9:59 | Create | Villager (Male) |
| 10:15 | Build | Lumber Camp |
| 10:30 | Build | House |
| 10:55 | Create | Villager (Male) |
| 10:55 | Create | Villager (Male) |
| 11:16 | Create | Villager (Male) |
| 11:41 | Build | Barracks |
| 12:05 | Build | Mining Camp |
| 12:18 | Research | Feudal Age |
| 13:50 | Build | Farm |
| 13:53 | Build | Farm |
| 14:29 | Create | Villager (Male) |
| 14:30 | Create | Villager (Male) |
| 14:45 | Age | Feudal Age |
| 14:47 | Build | Market |
| 14:50 | Build | Blacksmith |
| 15:35 | Build | House |
| 15:42 | Research | Castle Age |
| 15:42 | Research | Castle Age |
| 16:06 | Create | Spearman |
| 16:13 | Research | Double-Bit Axe |
| 17:23 | Create | Spearman |
| 17:39 | Research | Horse Collar |
| 17:43 | Build | Farm |
| 17:46 | Build | Farm |
| 17:49 | Build | Farm |
| 18:08 | Build | House |
| 18:10 | Build | House |
| 18:22 | Age | Castle Age |
| 18:32 | Build | Town Center |
| 18:51 | Create | Villager (Male) |
| 18:51 | Create | Villager (Male) |
| 18:51 | Create | Villager (Male) |
| 19:08 | Build | Town Center |
| 19:30 | Build | Farm |
| 19:46 | Create | Villager (Male) |
| 20:04 | Create | Villager (Male) |
| 20:07 | Create | Villager (Male) |
| 20:22 | Create | Villager (Male) |
| 20:22 | Create | Villager (Male) |
| 20:32 | Create | Villager (Male) |
| 20:40 | Create | Villager (Male) |
| 20:40 | Create | Villager (Male) |
| 20:46 | Build | Farm |
| 20:46 | Build | Farm |
| 20:47 | Build | Farm |
| 21:01 | Build | Farm |
| 21:01 | Build | Farm |
| 21:01 | Build | Farm |
| 21:02 | Build | Farm |
| 21:02 | Build | Farm |
| 21:05 | Create | Villager (Male) |
| 21:06 | Create | Villager (Male) |
| 21:06 | Create | Villager (Male) |
| 21:07 | Create | Villager (Male) |
| 21:15 | Build | Farm |
| 21:20 | Build | Farm |
| 21:23 | Build | Farm |
| 21:33 | Create | Villager (Male) |
| 21:34 | Create | Villager (Male) |
| 21:42 | Build | Stone Wall |
| 21:50 | Create | Villager (Male) |
| 21:51 | Create | Villager (Male) |
| 22:00 | Build | Farm |
| 22:02 | Build | Farm |
| 22:04 | Create | Villager (Male) |
| 22:10 | Build | Farm |
| 22:12 | Create | Villager (Male) |
| 22:14 | Build | Farm |
| 22:17 | Build | Farm |
| 22:21 | Build | House |
| 22:24 | Build | House |
| 22:25 | Build | House |
| 22:42 | Create | Villager (Male) ×4 |
| 22:57 | Research | Heavy Plow |
| 23:09 | Build | Farm |
| 23:14 | Build | Farm |
| 23:18 | Research | Bow Saw |
| 23:19 | Create | Villager (Male) |
| 23:19 | Create | Villager (Male) |
| 23:20 | Create | Villager (Male) |
| 23:20 | Create | Villager (Male) |
| 23:29 | Build | Stone Wall |
| 23:39 | Build | Farm |
| 23:42 | Build | Farm |
| 23:44 | Build | Farm |
| 23:45 | Create | Villager (Male) |
| 23:45 | Create | Villager (Male) |
| 23:46 | Create | Villager (Male) |
| 23:46 | Create | Villager (Male) |
| 23:55 | Build | House |
| 24:26 | Build | Stone Wall |
| 24:29 | Create | Villager (Male) ×5 |
| 24:32 | Build | Farm |
| 24:33 | Create | Villager (Male) |
| 24:55 | Build | Town Center |
| 24:59 | Create | Villager (Male) |
| 24:59 | Create | Villager (Male) |
| 24:59 | Create | Villager (Male) |
| 25:03 | Build | House |
| 25:04 | Build | House |
| 25:05 | Build | House |
| 25:06 | Build | House |
| 25:17 | Build | House |
| 25:18 | Build | House |
| 25:19 | Build | House |
| 25:20 | Build | House |
| 25:28 | Build | Farm |
| 25:28 | Build | Farm |
| 25:28 | Build | Farm |
| 25:28 | Build | Farm |
| 25:33 | Build | Farm |
| 25:38 | Create | Villager (Male) |
| 25:48 | Create | Villager (Male) |
| 25:48 | Create | Villager (Male) |
| 25:49 | Create | Villager (Male) |
| 25:49 | Create | Villager (Male) |
Build order — CuAge
First 150 of 581 actions detected
| 0:45 | Build | Town Center |
| 3:07 | Create | Villager (Male) |
| 3:09 | Create | Villager (Male) |
| 3:28 | Create | Villager (Male) |
| 3:31 | Build | House |
| 3:55 | Create | Villager (Male) |
| 4:02 | Build | House |
| 4:25 | Create | Villager (Male) |
| 5:17 | Create | Villager (Male) |
| 5:20 | Create | Villager (Male) |
| 6:08 | Create | Villager (Male) |
| 6:08 | Create | Villager (Male) |
| 6:08 | Create | Villager (Male) |
| 6:29 | Create | Villager (Male) |
| 6:50 | Create | Villager (Male) |
| 7:05 | Build | Mill |
| 7:09 | Build | House |
| 7:49 | Create | Villager (Male) |
| 7:50 | Create | Villager (Male) |
| 7:50 | Create | Villager (Male) |
| 8:34 | Create | Villager (Male) |
| 8:57 | Build | Lumber Camp |
| 9:05 | Create | Villager (Male) |
| 9:16 | Build | House |
| 9:23 | Create | Villager (Male) |
| 9:37 | Build | House |
| 9:41 | Research | Loom |
| 10:49 | Research | Feudal Age |
| 12:07 | Build | Farm |
| 12:36 | Create | Villager (Male) |
| 12:59 | Age | Feudal Age |
| 13:05 | Create | Villager (Male) |
| 13:08 | Build | Farm |
| 13:25 | Create | Villager (Male) |
| 13:29 | Build | Farm |
| 13:42 | Build | Farm |
| 13:59 | Create | Villager (Male) |
| 14:01 | Build | Farm |
| 14:01 | Create | Villager (Male) |
| 14:17 | Build | Palisade Gate |
| 14:19 | Build | House |
| 14:23 | Build | House |
| 14:35 | Build | Watch Tower |
| 14:43 | Build | Farm |
| 14:43 | Build | Farm |
| 14:44 | Build | Farm |
| 14:44 | Build | Farm |
| 14:47 | Create | Villager (Male) |
| 14:54 | Research | Double-Bit Axe |
| 15:22 | Create | Villager (Male) |
| 15:29 | Build | Farm |
| 15:32 | Build | Farm |
| 15:34 | Build | Farm |
| 16:09 | Create | Villager (Male) |
| 16:10 | Create | Villager (Male) |
| 16:21 | Build | Market |
| 16:50 | Build | Palisade Wall |
| 16:51 | Build | Palisade Wall |
| 17:03 | Create | Villager (Male) |
| 17:05 | Create | Villager (Male) |
| 17:08 | Build | Blacksmith |
| 17:28 | Build | Palisade Wall |
| 17:31 | Build | Palisade Wall |
| 17:47 | Create | Villager (Male) |
| 17:56 | Create | Villager (Male) |
| 18:02 | Build | Mining Camp |
| 18:10 | Create | Villager (Male) |
| 18:16 | Build | House |
| 18:21 | Build | House |
| 18:57 | Create | Villager (Male) |
| 19:13 | Build | Palisade Wall |
| 19:30 | Build | Palisade Wall |
| 19:36 | Create | Villager (Male) |
| 19:43 | Build | Palisade Wall |
| 19:54 | Research | Castle Age |
| 20:13 | Research | Stone Mining |
| 20:13 | Research | Stone Mining |
| 20:37 | Build | Palisade Gate |
| 20:47 | Create | Villager (Male) |
| 20:51 | Research | Horse Collar |
| 21:06 | Build | Palisade Gate |
| 21:12 | Build | Palisade Gate |
| 21:21 | Build | House |
| 21:36 | Build | Watch Tower |
| 21:44 | Create | Villager (Male) |
| 22:41 | Age | Castle Age |
| 22:46 | Build | Town Center |
| 22:52 | Build | Town Center |
| 22:58 | Create | Villager (Male) |
| 23:01 | Research | Bow Saw |
| 23:13 | Create | Villager (Male) |
| 23:41 | Create | Villager (Male) |
| 23:49 | Build | Lumber Camp |
| 23:58 | Create | Villager (Male) |
| 24:05 | Create | Villager (Male) |
| 24:09 | Build | Mining Camp |
| 24:26 | Create | Villager (Male) |
| 24:45 | Build | Lumber Camp |
| 24:47 | Create | Villager (Male) |
| 24:54 | Create | Villager (Male) |
| 25:30 | Create | Villager (Male) |
| 25:30 | Create | Villager (Male) |
| 25:40 | Create | Villager (Male) |
| 25:43 | Create | Villager (Male) |
| 25:44 | Create | Villager (Male) |
| 25:48 | Build | Farm |
| 25:50 | Build | Farm |
| 25:52 | Create | Villager (Male) |
| 25:53 | Create | Villager (Male) |
| 26:07 | Create | Villager (Male) |
| 26:07 | Create | Villager (Male) |
| 26:25 | Build | Castle |
| 26:30 | Create | Villager (Male) |
| 26:31 | Create | Villager (Male) |
| 26:46 | Build | Castle |
| 26:48 | Build | Mining Camp |
| 26:49 | Create | Villager (Male) |
| 26:49 | Create | Villager (Male) |
| 26:53 | Build | Farm |
| 26:53 | Build | Farm |
| 26:54 | Build | Farm |
| 27:00 | Build | Farm |
| 27:02 | Build | Farm |
| 27:07 | Build | House |
| 27:08 | Build | House |
| 27:08 | Build | House |
| 27:08 | Build | House |
| 27:10 | Build | House |
| 27:11 | Build | House |
| 27:12 | Build | House |
| 27:17 | Create | Villager (Male) |
| 27:17 | Create | Villager (Male) |
| 27:19 | Research | Fletching |
| 27:31 | Build | University |
| 27:34 | Create | Villager (Male) |
| 27:35 | Create | Villager (Male) |
| 27:43 | Build | Farm |
| 27:53 | Create | Villager (Male) |
| 27:54 | Create | Villager (Male) |
| 28:02 | Research | Bodkin Arrow |
| 28:08 | Build | Farm |
| 28:09 | Build | Farm |
| 28:13 | Build | Farm |
| 28:16 | Create | Villager (Male) |
| 28:16 | Create | Villager (Male) |
| 28:16 | Create | Villager (Male) |
| 28:29 | Research | Wheelbarrow |
| 28:32 | Create | Villager (Male) |
| 28:44 | Build | Farm |
| 28:46 | Build | Farm |
Build order — Emusan
First 150 of 619 actions detected
| 0:12 | Build | House |
| 0:23 | Build | Town Center |
| 2:33 | Create | Villager (Male) |
| 2:33 | Create | Villager (Male) |
| 2:33 | Create | Villager (Male) |
| 2:34 | Create | Villager (Male) |
| 2:57 | Build | House |
| 3:21 | Research | Loom |
| 3:21 | Create | Villager (Male) |
| 3:21 | Create | Villager (Male) |
| 4:43 | Create | Villager (Male) |
| 4:43 | Create | Villager (Male) |
| 5:05 | Create | Villager (Male) |
| 5:05 | Create | Villager (Male) |
| 5:22 | Create | Villager (Male) |
| 5:31 | Build | House |
| 5:46 | Create | Villager (Male) |
| 5:46 | Create | Villager (Male) |
| 6:11 | Create | Villager (Male) |
| 6:12 | Create | Villager (Male) |
| 6:37 | Build | House |
| 6:41 | Create | Villager (Male) |
| 6:42 | Create | Villager (Male) |
| 6:48 | Build | Lumber Camp |
| 7:02 | Create | Villager (Male) |
| 7:03 | Create | Villager (Male) |
| 7:45 | Build | Mill |
| 7:49 | Create | Villager (Male) |
| 7:50 | Create | Villager (Male) |
| 7:50 | Create | Villager (Male) |
| 8:36 | Create | Villager (Male) |
| 8:36 | Create | Villager (Male) |
| 9:47 | Create | Villager (Male) |
| 9:48 | Create | Villager (Male) |
| 10:16 | Create | Villager (Male) |
| 11:01 | Create | Villager (Male) |
| 11:11 | Build | House |
| 11:18 | Create | Villager (Male) |
| 11:40 | Create | Villager (Male) |
| 12:00 | Research | Feudal Age |
| 12:06 | Build | Mining Camp |
| 12:54 | Create | Villager (Male) |
| 13:02 | Build | Mill |
| 14:31 | Create | Villager (Male) |
| 14:34 | Age | Feudal Age |
| 14:37 | Create | Villager (Male) |
| 14:43 | Build | Market |
| 14:47 | Build | Blacksmith |
| 14:50 | Create | Villager (Male) |
| 15:01 | Research | Stone Mining |
| 15:04 | Research | Double-Bit Axe |
| 15:13 | Build | House |
| 15:17 | Build | House |
| 15:43 | Build | Mining Camp |
| 15:49 | Create | Villager (Male) |
| 16:15 | Build | Farm |
| 16:29 | Research | Castle Age |
| 16:51 | Build | Outpost |
| 16:52 | Build | Outpost |
| 16:54 | Build | Outpost |
| 16:56 | Build | Outpost |
| 17:00 | Create | Villager (Male) |
| 17:09 | Research | Horse Collar |
| 17:31 | Build | Farm |
| 17:39 | Build | Farm |
| 18:16 | Research | Wheelbarrow |
| 18:19 | Create | Villager (Male) |
| 19:08 | Build | Mill |
| 19:19 | Age | Castle Age |
| 19:23 | Create | Villager (Male) |
| 19:30 | Build | Farm |
| 19:36 | Build | Castle |
| 19:43 | Build | Farm |
| 19:50 | Research | Bow Saw |
| 19:55 | Build | Farm |
| 20:08 | Create | Villager (Male) |
| 20:09 | Create | Villager (Male) |
| 20:23 | Create | Villager (Male) |
| 20:27 | Create | Villager (Male) |
| 20:36 | Create | Villager (Male) |
| 20:48 | Build | Town Center |
| 20:59 | Create | Villager (Male) |
| 21:05 | Build | Lumber Camp |
| 21:09 | Create | Villager (Male) |
| 21:21 | Build | Mining Camp |
| 21:24 | Create | Villager (Male) |
| 21:27 | Create | Villager (Male) |
| 21:30 | Build | Farm |
| 21:38 | Build | Farm |
| 21:43 | Create | Villager (Male) |
| 22:11 | Build | Farm |
| 22:16 | Create | Villager (Male) |
| 22:18 | Create | Villager (Male) |
| 22:23 | Create | Villager (Male) |
| 22:25 | Create | Villager (Male) |
| 22:50 | Build | Farm |
| 22:53 | Build | Farm |
| 22:54 | Create | Villager (Male) |
| 23:00 | Build | Mill |
| 23:01 | Build | Farm |
| 23:05 | Create | Villager (Male) |
| 23:09 | Create | Villager (Male) |
| 23:28 | Create | Villager (Male) |
| 23:36 | Build | Town Center |
| 23:42 | Create | Villager (Male) |
| 23:58 | Build | Mill |
| 24:41 | Create | Villager (Male) |
| 24:41 | Create | Villager (Male) |
| 24:42 | Create | Villager (Male) |
| 24:42 | Create | Villager (Male) |
| 24:42 | Create | Villager (Male) |
| 24:43 | Create | Villager (Male) |
| 24:43 | Create | Villager (Male) |
| 24:46 | Create | Villager (Male) |
| 24:46 | Create | Villager (Male) |
| 25:00 | Create | Villager (Male) |
| 25:04 | Research | Yasama |
| 25:10 | Build | Mill |
| 25:15 | Create | Villager (Male) |
| 25:17 | Build | Farm |
| 25:21 | Build | Farm |
| 25:26 | Build | Farm |
| 25:28 | Create | Villager (Male) |
| 25:31 | Build | Farm |
| 25:34 | Build | Farm |
| 25:41 | Build | Farm |
| 25:44 | Build | Farm |
| 25:45 | Create | Villager (Male) |
| 25:50 | Create | Villager (Male) |
| 25:59 | Build | Farm |
| 26:06 | Build | Farm |
| 26:07 | Create | Villager (Male) |
| 26:07 | Create | Villager (Male) |
| 26:10 | Build | Farm |
| 26:10 | Create | Villager (Male) |
| 26:11 | Create | Villager (Male) |
| 26:16 | Build | Farm |
| 26:17 | Create | Villager (Male) |
| 26:17 | Create | Villager (Male) |
| 26:26 | Create | Villager (Male) |
| 26:32 | Build | Farm |
| 26:35 | Build | Farm |
| 26:39 | Build | Farm |
| 26:40 | Create | Villager (Male) |
| 26:40 | Create | Villager (Male) |
| 26:41 | Create | Villager (Male) |
| 26:54 | Build | University |
| 26:55 | Create | Villager (Male) |
| 26:57 | Create | Villager (Male) |
| 27:00 | Create | Villager (Male) |
Build order —
First 150 of 852 actions detected
| 0:02 | Build | Town Center |
| 2:25 | Build | House |
| 4:06 | Build | Lumber Camp |
| 4:31 | Build | House |
| 6:16 | Build | Mill |
| 6:35 | Build | House |
| 7:01 | Research | Tech None |
| 7:02 | Build | Lumber Camp |
| 7:34 | Build | Farm |
| 8:25 | Build | Farm |
| 8:53 | Build | Farm |
| 9:08 | Build | House |
| 9:38 | Build | Farm |
| 10:07 | Build | Farm |
| 10:44 | Build | Farm |
| 11:09 | Build | Farm |
| 11:16 | Build | House |
| 12:01 | Research | Tech None |
| 12:09 | Build | Mining Camp |
| 13:05 | Build | Lumber Camp |
| 14:06 | Build | Lumber Camp |
| 14:13 | Research | Tech None |
| 14:17 | Build | Market |
| 15:08 | Build | House |
| 15:09 | Research | Tech None |
| 15:34 | Build | Blacksmith |
| 16:19 | Research | Tech None |
| 16:19 | Build | House |
| 18:46 | Build | Farm |
| 18:50 | Build | Farm |
| 18:52 | Build | Farm |
| 18:53 | Build | Farm |
| 18:53 | Build | Farm |
| 18:55 | Build | Farm |
| 18:59 | Research | Tech None |
| 19:00 | Research | Tech None |
| 19:00 | Build | Town Center |
| 19:27 | Build | Farm |
| 20:20 | Build | Town Center |
| 20:46 | Research | Tech None |
| 20:49 | Build | House |
| 20:58 | Build | House |
| 21:13 | Build | Farm |
| 21:31 | Build | Farm |
| 21:51 | Build | Monastery |
| 22:11 | Build | Castle |
| 22:19 | Research | Tech None |
| 22:29 | Build | Farm |
| 22:42 | Create | Monk |
| 22:45 | Build | Farm |
| 22:47 | Build | Farm |
| 22:59 | Build | House |
| 23:00 | Build | House |
| 23:11 | Build | Farm |
| 23:15 | Build | Farm |
| 23:20 | Build | Farm |
| 23:29 | Build | Farm |
| 23:36 | Build | Farm |
| 23:42 | Research | Tech None |
| 23:56 | Create | Genoese Crossbowman |
| 24:03 | Build | Farm |
| 24:09 | Build | Barracks |
| 24:18 | Build | Farm |
| 24:29 | Build | Farm |
| 24:36 | Build | Lumber Camp |
| 24:39 | Research | Tech None |
| 24:53 | Build | Farm |
| 25:00 | Create | Genoese Crossbowman |
| 25:05 | Build | Farm |
| 25:20 | Build | Farm |
| 25:26 | Build | Archery Range |
| 25:34 | Build | Archery Range |
| 25:53 | Build | House |
| 25:55 | Build | House |
| 26:01 | Create | Genoese Crossbowman |
| 26:03 | Research | Tech None |
| 26:09 | Research | Tech None |
| 26:11 | Build | Farm |
| 26:16 | Build | Farm |
| 26:22 | Build | Mining Camp |
| 26:25 | Build | Farm |
| 26:33 | Build | Farm |
| 26:43 | Research | Tech None |
| 26:45 | Create | Genoese Crossbowman |
| 26:51 | Build | Archery Range |
| 26:56 | Build | Farm |
| 27:10 | Build | Farm |
| 27:12 | Build | House |
| 27:17 | Build | House |
| 27:24 | Build | Farm |
| 27:28 | Build | Farm |
| 27:31 | Build | Mill |
| 27:37 | Build | Farm |
| 27:44 | Create | Genoese Crossbowman |
| 27:49 | Build | Farm |
| 27:58 | Create | Genoese Crossbowman |
| 27:58 | Build | Archery Range |
| 28:03 | Build | Archery Range |
| 28:08 | Build | Archery Range |
| 28:13 | Build | House |
| 28:14 | Build | House |
| 28:20 | Build | Farm |
| 28:36 | Build | Lumber Camp |
| 28:43 | Build | Farm |
| 28:46 | Build | House |
| 28:51 | Research | Tech None |
| 28:51 | Build | House |
| 28:52 | Build | Farm |
| 28:52 | Create | Genoese Crossbowman |
| 28:57 | Research | Tech None |
| 29:26 | Research | Tech None |
| 29:27 | Research | Tech None |
| 29:51 | Build | Barracks |
| 29:53 | Research | Tech None |
| 30:00 | Build | Market |
| 30:14 | Build | University |
| 30:18 | Build | House |
| 30:20 | Build | House |
| 30:21 | Build | House |
| 30:33 | Create | Monk |
| 30:34 | Build | Barracks |
| 30:49 | Create | Skirmisher |
| 30:50 | Create | Skirmisher |
| 30:52 | Create | Skirmisher |
| 30:56 | Build | Market |
| 31:05 | Create | Genoese Crossbowman |
| 31:10 | Build | Farm |
| 31:13 | Research | Tech None |
| 31:32 | Research | Tech None |
| 31:34 | Build | Castle |
| 31:35 | Build | Farm |
| 31:37 | Build | House |
| 31:38 | Build | House |
| 31:40 | Build | Farm |
| 31:42 | Build | Farm |
| 31:47 | Create | Skirmisher |
| 31:50 | Build | Mill |
| 31:55 | Create | Skirmisher |
| 32:00 | Research | Tech None |
| 32:01 | Build | House |
| 32:04 | Build | Lumber Camp |
| 32:06 | Build | House |
| 32:13 | Research | Tech None |
| 32:14 | Build | House |
| 32:19 | Build | Archery Range |
| 32:29 | Build | Barracks |
| 32:29 | Build | Market |
| 32:35 | Research | Tech None |
| 32:38 | Build | Lumber Camp |
| 32:50 | Build | Stable |
Build order —
First 150 of 508 actions detected
| 0:02 | Build | Town Center |
| 1:56 | Build | House |
| 3:12 | Build | Lumber Camp |
| 4:01 | Build | House |
| 4:52 | Research | Tech None |
| 5:28 | Build | Mill |
| 6:18 | Build | Farm |
| 6:42 | Build | House |
| 7:08 | Build | Farm |
| 7:42 | Build | Farm |
| 8:19 | Build | Farm |
| 9:09 | Build | House |
| 9:44 | Build | Lumber Camp |
| 10:38 | Build | Farm |
| 11:12 | Build | Lumber Camp |
| 11:39 | Build | House |
| 12:16 | Build | Mining Camp |
| 12:27 | Research | Tech None |
| 13:36 | Build | Lumber Camp |
| 14:22 | Build | Lumber Camp |
| 14:39 | Build | Market |
| 14:56 | Build | Blacksmith |
| 15:07 | Build | House |
| 15:41 | Research | Tech None |
| 15:55 | Research | Tech None |
| 15:55 | Research | Tech None |
| 16:15 | Build | Farm |
| 16:28 | Build | Farm |
| 16:41 | Build | Farm |
| 16:46 | Build | Farm |
| 17:00 | Build | Farm |
| 17:39 | Build | House |
| 18:13 | Build | Farm |
| 18:35 | Research | Tech None |
| 18:45 | Research | Tech None |
| 19:00 | Build | Farm |
| 19:11 | Build | Farm |
| 20:00 | Build | Town Center |
| 20:43 | Build | Castle |
| 20:43 | Research | Tech None |
| 20:44 | Build | Mining Camp |
| 21:05 | Build | Farm |
| 21:05 | Build | House |
| 21:06 | Build | House |
| 21:49 | Build | Farm |
| 21:50 | Build | Farm |
| 21:55 | Research | Tech None |
| 21:55 | Build | Farm |
| 22:12 | Build | Town Center |
| 22:16 | Research | Tech None |
| 22:17 | Build | Farm |
| 22:26 | Build | House |
| 22:38 | Build | Farm |
| 22:46 | Build | Farm |
| 22:57 | Build | House |
| 23:10 | Build | Farm |
| 23:27 | Create | Woad Raider |
| 23:27 | Build | Farm |
| 23:31 | Build | House |
| 23:35 | Build | Farm |
| 23:44 | Build | Monastery |
| 23:48 | Create | Woad Raider |
| 23:58 | Create | Woad Raider |
| 23:58 | Build | Mining Camp |
| 24:01 | Build | House |
| 24:08 | Build | Farm |
| 24:16 | Build | Farm |
| 24:19 | Create | Woad Raider |
| 24:32 | Build | House |
| 24:42 | Build | Barracks |
| 24:49 | Create | Woad Raider |
| 24:50 | Build | Farm |
| 25:02 | Build | House |
| 25:04 | Create | Woad Raider |
| 25:21 | Build | Farm |
| 25:29 | Create | Monk |
| 25:37 | Build | Farm |
| 25:39 | Create | Woad Raider |
| 25:40 | Build | Farm |
| 25:43 | Build | Lumber Camp |
| 25:47 | Build | Archery Range |
| 25:58 | Build | Farm |
| 26:06 | Create | Woad Raider |
| 26:11 | Build | Archery Range |
| 26:30 | Build | Archery Range |
| 27:02 | Build | Farm |
| 27:10 | Build | Siege Workshop |
| 27:12 | Create | Spearman |
| 27:17 | Create | Woad Raider |
| 27:18 | Build | Farm |
| 27:21 | Research | Tech None |
| 27:23 | Research | Tech None |
| 27:24 | Build | Farm |
| 27:29 | Build | Farm |
| 27:42 | Build | Archery Range |
| 27:55 | Build | Barracks |
| 27:58 | Build | Farm |
| 28:01 | Create | Woad Raider |
| 28:03 | Build | Farm |
| 28:14 | Build | Farm |
| 28:15 | Build | Farm |
| 28:20 | Build | Farm |
| 28:31 | Build | Farm |
| 28:33 | Build | Farm |
| 28:36 | Build | Farm |
| 28:43 | Build | Farm |
| 28:46 | Build | Mill |
| 28:51 | Create | Woad Raider |
| 28:57 | Build | Farm |
| 29:07 | Research | Tech None |
| 29:10 | Build | House |
| 29:12 | Build | Farm |
| 29:16 | Build | Mill |
| 29:27 | Build | Farm |
| 29:32 | Create | Woad Raider |
| 29:32 | Build | Farm |
| 29:34 | Build | House |
| 29:37 | Build | Farm |
| 29:43 | Build | Lumber Camp |
| 29:45 | Create | Woad Raider |
| 29:56 | Build | Barracks |
| 29:58 | Build | Farm |
| 29:59 | Research | Tech None |
| 30:15 | Create | Woad Raider |
| 30:20 | Build | Town Center |
| 30:28 | Build | Farm |
| 30:42 | Create | Woad Raider |
| 30:47 | Create | Skirmisher |
| 30:47 | Build | Farm |
| 30:49 | Create | Skirmisher |
| 30:49 | Build | Lumber Camp |
| 30:50 | Create | Skirmisher |
| 30:57 | Research | Tech None |
| 31:00 | Research | Tech None |
| 31:03 | Create | Woad Raider |
| 31:24 | Build | Farm |
| 31:26 | Build | House |
| 31:27 | Research | Tech None |
| 31:27 | Build | House |
| 31:29 | Build | House |
| 31:30 | Build | Farm |
| 31:32 | Build | House |
| 31:34 | Build | Farm |
| 31:37 | Build | Farm |
| 31:56 | Build | Farm |
| 32:01 | Create | Scorpion |
| 32:04 | Build | Farm |
| 32:21 | Research | Tech None |
| 32:32 | Build | Mining Camp |
| 32:35 | Research | Tech None |
Build order —
First 150 of 843 actions detected
| 0:02 | Build | Town Center |
| 2:15 | Build | House |
| 3:57 | Build | Lumber Camp |
| 4:21 | Build | House |
| 5:46 | Build | Mill |
| 6:19 | Research | Tech None |
| 6:27 | Build | House |
| 6:45 | Build | Farm |
| 7:57 | Build | Lumber Camp |
| 8:25 | Build | Farm |
| 8:58 | Build | House |
| 9:22 | Build | Farm |
| 10:04 | Build | Farm |
| 10:41 | Build | Farm |
| 11:03 | Build | House |
| 11:28 | Build | Farm |
| 11:56 | Build | Farm |
| 12:30 | Build | Farm |
| 12:41 | Research | Tech None |
| 12:43 | Build | House |
| 13:03 | Build | Mining Camp |
| 13:51 | Build | Barracks |
| 14:41 | Build | Stable |
| 15:25 | Build | Blacksmith |
| 15:27 | Build | House |
| 15:40 | Research | Tech None |
| 16:05 | Research | Tech None |
| 16:06 | Research | Tech None |
| 16:25 | Build | Farm |
| 16:30 | Build | Farm |
| 16:41 | Build | Farm |
| 17:00 | Build | Farm |
| 17:01 | Build | House |
| 17:42 | Create | Knight |
| 17:42 | Create | Battle Elephant |
| 17:45 | Build | House |
| 17:59 | Research | Tech None |
| 17:59 | Build | Town Center |
| 18:08 | Build | Town Center |
| 18:33 | Research | Tech None |
| 18:33 | Build | Farm |
| 18:37 | Create | Battle Elephant |
| 19:27 | Build | Town Center |
| 19:38 | Create | Battle Elephant |
| 19:39 | Research | Tech None |
| 19:56 | Build | Stable |
| 20:02 | Build | Farm |
| 20:13 | Build | House |
| 20:19 | Build | House |
| 20:42 | Build | Farm |
| 20:52 | Build | Monastery |
| 21:34 | Research | Tech None |
| 21:36 | Build | Market |
| 21:39 | Create | Monk |
| 21:53 | Research | Tech None |
| 22:11 | Build | Farm |
| 22:14 | Build | Farm |
| 22:15 | Build | Farm |
| 22:19 | Build | Farm |
| 22:33 | Build | Farm |
| 22:34 | Build | Farm |
| 22:45 | Build | Farm |
| 22:59 | Build | Farm |
| 22:59 | Build | House |
| 23:00 | Build | House |
| 23:06 | Build | Farm |
| 23:17 | Build | Farm |
| 23:21 | Research | Tech None |
| 23:24 | Build | Farm |
| 23:35 | Build | Lumber Camp |
| 23:59 | Build | Farm |
| 24:00 | Build | Farm |
| 24:09 | Build | Stable |
| 24:14 | Create | Battle Elephant |
| 24:17 | Build | House |
| 24:20 | Build | House |
| 24:26 | Build | Farm |
| 24:37 | Research | Tech None |
| 24:39 | Build | Farm |
| 24:46 | Build | Farm |
| 25:11 | Build | House |
| 25:13 | Build | House |
| 25:16 | Create | Battle Elephant |
| 25:18 | Build | Farm |
| 25:27 | Build | Farm |
| 25:30 | Research | Tech None |
| 25:32 | Build | Farm |
| 25:43 | Build | House |
| 25:58 | Create | Battle Elephant |
| 25:58 | Build | Siege Workshop |
| 26:04 | Build | Farm |
| 26:15 | Research | Tech None |
| 26:20 | Build | Lumber Camp |
| 26:24 | Build | Mining Camp |
| 26:32 | Build | Farm |
| 26:44 | Build | Farm |
| 26:51 | Build | Farm |
| 27:02 | Build | Mill |
| 27:08 | Research | Tech None |
| 27:08 | Create | Battle Elephant |
| 27:10 | Create | Battering Ram |
| 27:10 | Build | Stable |
| 27:15 | Build | Farm |
| 27:20 | Build | House |
| 27:28 | Build | House |
| 27:31 | Create | Battle Elephant |
| 27:37 | Build | Farm |
| 27:42 | Build | Farm |
| 27:45 | Create | Battering Ram |
| 27:45 | Build | Stable |
| 27:56 | Build | Stable |
| 28:12 | Build | House |
| 28:15 | Build | Farm |
| 28:19 | Build | Farm |
| 28:20 | Build | House |
| 28:28 | Build | Farm |
| 28:33 | Build | Farm |
| 28:35 | Build | Farm |
| 28:38 | Build | Farm |
| 28:47 | Build | House |
| 28:54 | Research | Tech None |
| 28:55 | Research | Tech None |
| 28:57 | Build | House |
| 29:00 | Build | Mill |
| 29:13 | Research | Tech None |
| 29:21 | Build | Archery Range |
| 29:24 | Build | House |
| 29:32 | Create | Battle Elephant |
| 29:34 | Create | Battle Elephant |
| 29:37 | Create | Battle Elephant |
| 29:40 | Build | Archery Range |
| 29:45 | Research | Tech None |
| 29:54 | Build | House |
| 29:59 | Build | Archery Range |
| 30:05 | Create | Battle Elephant |
| 30:13 | Create | Battle Elephant |
| 30:21 | Build | Lumber Camp |
| 30:28 | Build | House |
| 30:36 | Create | Battle Elephant |
| 30:36 | Build | Barracks |
| 30:37 | Create | Battle Elephant |
| 30:49 | Build | Barracks |
| 30:57 | Build | House |
| 30:58 | Build | House |
| 31:02 | Build | Market |
| 31:11 | Build | Barracks |
| 31:16 | Build | House |
| 31:19 | Build | Castle |
| 31:27 | Build | Mining Camp |
| 31:33 | Build | Market |
Build order —
82 actions detected in the replay
| 0:02 | Build | Town Center |
| 2:08 | Build | House |
| 3:49 | Build | Lumber Camp |
| 4:13 | Build | House |
| 5:04 | Research | Tech None |
| 5:05 | Build | Mill |
| 6:17 | Build | Farm |
| 6:44 | Build | House |
| 8:47 | Build | Lumber Camp |
| 8:49 | Build | House |
| 9:10 | Research | Tech None |
| 10:39 | Build | Barracks |
| 11:24 | Research | Tech None |
| 11:24 | Research | Tech None |
| 11:24 | Build | Farm |
| 11:25 | Build | Farm |
| 11:27 | Build | Farm |
| 11:33 | Build | Farm |
| 11:43 | Build | Farm |
| 11:51 | Build | House |
| 12:17 | Build | Farm |
| 12:36 | Build | Mining Camp |
| 12:59 | Build | Farm |
| 13:54 | Research | Tech None |
| 13:57 | Build | Archery Range |
| 14:20 | Build | Watch Tower |
| 14:22 | Build | House |
| 14:54 | Create | Archer |
| 15:03 | Build | Blacksmith |
| 15:37 | Build | House |
| 15:45 | Create | Spearman |
| 15:47 | Create | Archer |
| 15:55 | Build | Archery Range |
| 15:59 | Build | House |
| 16:03 | Build | Archery Range |
| 16:04 | Build | Archery Range |
| 16:34 | Create | Spearman |
| 16:44 | Build | House |
| 16:46 | Create | Archer |
| 17:21 | Build | Farm |
| 17:39 | Build | Farm |
| 17:44 | Build | Farm |
| 17:47 | Create | Archer |
| 18:02 | Build | Farm |
| 18:25 | Build | House |
| 18:48 | Build | Farm |
| 19:07 | Build | House |
| 19:26 | Build | Farm |
| 19:36 | Build | House |
| 19:48 | Build | Mining Camp |
| 23:22 | Build | Market |
| 23:23 | Build | Farm |
| 23:24 | Build | Market |
| 23:25 | Build | Farm |
| 24:52 | Build | Market |
| 24:54 | Build | Farm |
| 24:56 | Build | Lumber Camp |
| 24:58 | Build | Market |
| 25:00 | Build | Lumber Camp |
| 25:07 | Build | Lumber Camp |
| 25:16 | Build | Lumber Camp |
| 26:28 | Create | Spearman |
| 26:54 | Build | House |
| 26:54 | Build | Palisade Wall |
| 27:01 | Build | Palisade Wall |
| 27:33 | Build | Market |
| 27:34 | Build | Archery Range |
| 27:36 | Build | Market |
| 27:40 | Build | Archery Range |
| 27:43 | Build | Market |
| 27:44 | Build | Archery Range |
| 27:45 | Build | Archery Range |
| 27:47 | Build | Archery Range |
| 30:04 | Build | Lumber Camp |
| 30:49 | Create | Skirmisher |
| 30:50 | Create | Skirmisher |
| 32:19 | Create | Skirmisher |
| 32:46 | Create | Skirmisher |
| 33:22 | Create | Skirmisher |
| 33:48 | Create | Skirmisher |
| 42:38 | Create | Skirmisher |
| 42:39 | Create | Skirmisher |
Match timeline
| 10:39 | · first_building Barracks |
| 11:41 | diego_402 · first_building Barracks |
| 11:44 | Tayta Inti · first_building Barracks |
| 11:53 | Tayta Inti · wall_segment Palisade Wall x1 |
| 11:54 | Tayta Inti · wall_segment Palisade Wall x1 |
| 11:57 | Tayta Inti · wall_segment Palisade Wall x1 |
| 12:59 | CuAge · age_up feudal |
| 13:51 | · first_building Barracks |
| 13:57 | · first_building Archery Range |
| 14:34 | Emusan · age_up feudal |
| 14:41 | · first_building Stable |
| 14:45 | diego_402 · age_up feudal |
| 15:48 | Tayta Inti · age_up feudal |
| 15:53 | Emusan · first_market_sell 100 stone |
| 16:50 | CuAge · wall_segment Palisade Wall x1 |
| 16:51 | CuAge · wall_segment Palisade Wall x1 |
| 17:28 | CuAge · wall_segment Palisade Wall x1 |
| 17:31 | CuAge · wall_segment Palisade Wall x1 |
| 17:36 | · first_market_sell 100 food |
| 18:22 | diego_402 · age_up castle |
| 19:13 | CuAge · wall_segment Palisade Wall x1 |
| 19:19 | Emusan · age_up castle |
| 19:30 | CuAge · wall_segment Palisade Wall x1 |
| 19:36 | Emusan · first_building Castle |
| 19:43 | CuAge · wall_segment Palisade Wall x1 |
| 19:52 | CuAge · first_market_sell 100 wood |
| 20:10 | Tayta Inti · first_market_buy 100 food |
| 20:14 | Tayta Inti · first_market_sell 500 wood |
| 20:43 | · first_building Castle |
| 20:52 | · first_building Monastery |
| 21:42 | diego_402 · wall_segment Stone Wall x23 |
| 21:51 | · first_building Monastery |
| 21:57 | Tayta Inti · wall_segment Palisade Wall x1 |
| 22:11 | · first_building Castle |
| 22:41 | CuAge · age_up castle |
| 22:53 | diego_402 · first_market_buy 100 food |
| 23:09 | Tayta Inti · first_building Stable |
| 23:29 | diego_402 · wall_segment Stone Wall x9 |
| 23:42 | · first_market_buy 100 stone |
| 23:44 | · first_building Monastery |
| 23:53 | Tayta Inti · age_up castle |
| 24:09 | · first_building Barracks |
| 24:26 | diego_402 · wall_segment Stone Wall x8 |
| 24:42 | · first_building Barracks |
| 25:26 | · first_building Archery Range |
| 25:41 | Tayta Inti · first_building Castle |
| 25:47 | · first_building Archery Range |
| 25:58 | · first_building Siege Workshop |
| 26:08 | diego_402 · wall_segment Stone Wall x16 |
| 26:25 | CuAge · first_building Castle |
| 26:32 | · first_market_buy 100 stone |
| 26:54 | · wall_segment Palisade Wall x2 |
| 27:01 | · wall_segment Palisade Wall x2 |
| 27:07 | · first_market_buy 100 food |
| 27:10 | · first_building Siege Workshop |
| 28:28 | · first_market_sell 100 wood |
| 28:45 | diego_402 · first_building Castle |
| 29:21 | · first_building Archery Range |
| 29:44 | CuAge · first_building Monastery |
| 30:48 | CuAge · first_building Barracks |
| 31:08 | diego_402 · first_building Stable |
| 31:19 | · first_building Castle |
| 31:50 | · first_market_sell 100 wood |
| 32:50 | · first_building Stable |
| 33:29 | Emusan · first_building Barracks |
| 33:37 | · first_building Siege Workshop |
| 34:28 | diego_402 · wall_segment Stone Wall x2 |
| 35:09 | · first_building Stable |
| 35:41 | Emusan · first_building Monastery |
| 36:00 | Emusan · age_up imperial |
| 36:12 | diego_402 · first_market_sell 100 food |
| 36:24 | diego_402 · first_building Monastery |
| 37:56 | diego_402 · first_building Archery Range |
| 39:12 | CuAge · age_up imperial |
| 39:35 | CuAge · first_building Stable |
| 40:13 | diego_402 · age_up imperial |
| 41:36 | Emusan · first_building Siege Workshop |
| 44:02 | diego_402 · first_building Siege Workshop |
| 44:06 | Tayta Inti · first_building Monastery |
| 49:41 | CuAge · first_building Siege Workshop |
| 56:01 | Tayta Inti · age_up imperial |
| 58:39 | · resign |
[ AI ANALYSIS · 1 CREDIT ]
What really happened in this match?
Wolo.gg analyzes every decision: build order, eco, micro, common mistakes by bracket. Personalized analysis on WhatsApp or Discord in 30 seconds.
Civ guide
Chinese
Map guide
Land Nomad
Perfil
Jugador #6806301